 Dungeon Crawl Stone Soup version 0.30-a0-242-g7bf8e6d787 (webtiles) character file.

Game seed: 8581537712112134102

214 freelancePsychic the Sneak (level 5, -3/40 HPs)
             Began as a Demigod Air Elementalist on Oct 11, 2022.
             Slain by a kobold brigand
             ... wielding a +0 whip
              (7 damage)
             ... in a sewer.
             The game lasted 00:06:27 (3032 turns).

freelancePsychic the Sneak (DgAE)                   Turns: 3032, Time: 00:06:28

Health: -3/40      AC:  3    Str:  9    XL:     5   Next: 33%
Magic:  10/10      EV: 11    Int: 21    God:
Gold:   167        SH:  0    Dex: 14    Spells: 5/8 levels left

rFire   . . .      SeeInvis .    c - staff of conjuration
rCold   . . .      Faith    .    (no shield)
rNeg    . . .      Spirit   .    f - +0 leather armour
rPois   .          Reflect  .    (no helmet)
rElec   .          Harm     .    (no cloak)
rCorr   .          Rampage  .    (no gloves)
Will    .....                    (no boots)
Stlth   ++........               (no amulet)
HPRegen 0.26/turn                (no ring)
MPRegen 0.12/turn                (no ring)

@: slowed, very slow
A: high MP 1, forlorn, divine attributes
a: no special abilities


You were in a sewer.
You visited 1 branch of the dungeon, and saw 3 of its levels.
You also visited: Sewer.

You collected 167 gold pieces.

Inventory:

Armour
 a - a +0 robe
 f - a +0 leather armour (worn)
Magical Staves
 c - a staff of conjuration (weapon)
Jewellery
 n - a ring of see invisible
Scrolls
 b - 3 scrolls of teleportation {@r4}
 d - a scroll of fear
 k - a scroll of amnesia {unknown}
 l - a scroll of enchant armour
 m - a scroll of identify {@r1}
Potions
 e - a potion of flight
 g - a potion of heal wounds {unknown}
 h - a potion of mutation {unknown}
 i - a potion of might {unknown}
 j - a potion of invisibility {unknown}
 o - a potion of resistance {unknown}


   Skills:
 + Level 1.5 Fighting
 - Level 1.7 Dodging
 + Level 3.9 Stealth
 - Level 2.0 Spellcasting
 - Level 1.9 Conjurations
 + Level 3.8 Air Magic


You had 5 spell levels left.
You knew the following spells:

 Your Spells              Type           Power      Damage    Failure   Level
a - Shock                 Conj/Air       84%        1d8       6%          1
b - Static Discharge      Conj/Air       42%        2-4/arc   10%         2

Your spell library contained the following spells:

 Spells                   Type           Power      Damage    Failure   Level
 Swiftness                Air            18%        N/A       13%         3
 Airstrike                Air            9%         2d(2-18)  41%         4
 Tukima's Dance           Hex            2%         N/A       52%         3
 Passage of Golubria      Tloc           2%         N/A       90%         4
 Yara's Violent Unravell  Hex/Tmut       1%         3d3       99%         5


Dungeon Overview and Level Annotations

Branches:
Dungeon (3/15)              Sewer (1/1)


Innate Abilities, Weirdness & Mutations

You have an increased reservoir of magic. (+10% MP)
You shall have no god before yourself.
Your divine heritage dramatically boosts your attributes as you level up.


Message History

The kobold brigand hits you with a +0 whip.
Casting: Static Discharge (safe; 10% risk of failure)
Confirm with . or Enter, or press ? or * to list all spells.
You feel a surge of power!
The kobold brigand is struck by an arc of lightning.
The kobold brigand is almost dead.
You are struck by an arc of lightning.
The kobold brigand is struck by an arc of lightning.
The kobold brigand is almost dead.
You are struck by an arc of lightning.
The lightning grounds out.
The kobold brigand barely misses you.
You are too injured to fight recklessly!
You are too injured to fight recklessly!
You are too injured to fight recklessly!
You completely miss the kobold brigand.
The kobold brigand is almost dead.
The kobold brigand barely misses you.
You barely miss the kobold brigand.
The kobold brigand is almost dead.
The kobold brigand hits you with a +0 whip.
You closely miss the kobold brigand.
The kobold brigand is almost dead.
The kobold brigand closely misses you.
The kobold brigand attacks as you move away!
The kobold brigand completely misses you.
The kobold brigand throws a curare-tipped dart.
The curare-tipped dart hits you.
You are poisoned.
You have difficulty breathing.
* * * LOW HITPOINT WARNING * * *
You feel yourself slow down.
You see here a potion of magic.
p - a potion of magic You feel sick.
The kobold brigand hits you with a +0 whip.
* * * LOW HITPOINT WARNING * * *
Magic courses through your body.
You feel sick.
You are no longer poisoned.
The kobold brigand hits you with a +0 whip!
You die...

##### ##### ##.#.#
##..~## #
#....#####.....#####
#..K?~....~...~~~~†~
##~@~.####~....#####
##~### ##~~)## # ###
##†## #~# #~# #####
##~## ##..~##
##~.~## #
#~...~####~~..~#####
#...~.~~~~.~..~≈≈≈≈≈


You could see a kobold brigand.

Vanquished Creatures
  A kobold brigand (Sewer)
  2 river rats (Sewer)
  6 adders
  2 worms (Sewer)
  A dart slug (D:1)
  2 ball pythons
  7 endoplasms
  5 giant cockroaches
  6 goblins
  4 hobgoblins
  7 jackals (D:1)
  7 bats
  A frilled lizard (D:3)
  8 kobolds
  7 rats
66 creatures vanquished.

Notes
Turn   | Place    | Note
-------+----------+-------------------------------------------
     0 | D:1      | freelancePsychic the Demigod Air Elementalist began the
                  | quest for the Orb.
     0 | D:1      | Reached XP level 1. HP: 14/14 MP: 5/5
     1 | D:1      | Found a runed translucent door.
    23 | D:1      | Reached skill level 1 in Conjurations
   210 | D:1      | You fall into a shaft and drop 1 floor!
   290 | D:1      | Reached XP level 2. HP: 20/20 MP: 4/7
   298 | D:1      | Learned a level 2 spell: Static Discharge
  1198 | D:2      | Reached XP level 3. HP: 25/26 MP: 2/8
  2175 | D:3      | Found a glowing drain.
  2200 | Sewer    | Entered a sewer
  2290 | Sewer    | Reached XP level 4. HP: 33/33 MP: 5/9
  2418 | Sewer    | Noticed a kobold brigand
  2436 | Sewer    | Killed a kobold brigand
  2437 | Sewer    | Reached skill level 1 in Fighting
  2437 | Sewer    | Reached XP level 5. HP: 26/40 MP: 0/10
  3032 | Sewer    | Slain by a kobold brigand

Illustrated notes

Levels and vault maps discovered:
D:1:      dpeg_arrival_caged_fury, layout_rooms, minmay_pentomino_u2
D:2:      layout_loops_ring, chequers_serial_rivers_marsh, fountainhead
D:3:      layout_loops_ring, nicolae_overflow_hidden_temple,
          cheibrodos_sewer_entry_sluice
Sewer:    sewer_co_15_rooms

Skill      XL: |  1  2  3  4 |
---------------+-------------+-----
Conjurations   | 1 |  1.9
Stealth        | 2 3 |  3.9
Air Magic      | 3 |  3.8
Spellcasting   | 2 |  2.0
Fighting       | 1 |  1.5
Dodging        | |  1.7

Action                   |  1- 3 |  4- 6 || total
-------------------------+-------+-------++-------
Melee: Unarmed           |    14 |       ||    14
       Staff             |    48 |    16 ||    64
 Cast: Shock             |    75 |     4 ||    79
       Static Discharge  |     6 |    24 ||    30
  Use: Potion            |     1 |     3 ||     4
       Scroll            |     5 |     2 ||     7
 Stab: Sleeping          |     1 |       ||     1
Armor: Robe              |    16 |       ||    16
       Leather armour    |    19 |     3 ||    22
Dodge: Dodged            |    57 |    19 ||    76

Table legend: (Time is in decaauts)
 A = Elapsed time spent in this place.
 B = Non-inter-level travel time spent in this place.
 C = Inter-level travel time spent in this place.
 D = Time resting spent in this place.
 E = Time spent auto-exploring this place.
 F = Levels seen in this place.
 G = Mean time per level.
                   A        B        C        D        E       F      G
               +--------+--------+--------+--------+--------+-----+--------+
         Total |   3133 |   2964 |    169 |    206 |   2183 |   4 |  783.2 |
       Dungeon |   2215 |   2046 |    169 |     89 |   1595 |   3 |  738.3 |
         Sewer |    917 |    917 |      0 |    117 |    588 |   1 |  917.0 |
               +--------+--------+--------+--------+--------+-----+--------+

Top non-repeatable levels by time:
     D:1: 1078 daAuts
     D:2: 931 daAuts
   Sewer: 917 daAuts
     D:3: 205 daAuts
